cohdb
Replays
Latest Replays
All Replays
Popular Replays
Top Player Replays
Match Explorer
How It Works
Community
CoH3 Stats
Reddit
Sign in to upload your games and track your stats! →
Sign in with Steam
Match 41962952
Unlisted
Match 41962952
Overview
Messages
Build Orders
End
Kradschützen Motorcycle Team
Selects Italian Combined Arms Battlegroup
Selects Bersaglieri Squad
Bersaglieri Squad
Bersaglieri Squad
Construct Light Support Kompanie
Selects Bersaglieri Bolster
MG34 Team
Fire Support Elements
2.5-tonne Medical Truck
Pak 38 Anti-tank Gun Team
AI Takeover
Stuka in anmarsch
WadoVice
0
0
Comments
sign in to comment!
No comments posted yet!